 Dungeon Crawl Stone Soup version 0.32-a0-900-g30fb1b0edc (webtiles) character file.

Game seed: 642788952323679987

121 Goblin1989 the Sneak (level 4, -3/35 HPs)
             Began as a Demonspawn Delver on Apr 6, 2024.
             Killed by nerve-wracking pain
             ... invoked by Grinder
              (4 damage)
             ... while paralysed by Grinder
             ... on level 3 of the Dungeon.
             The game lasted 00:08:28 (2248 turns).

Goblin1989 the Sneak (Demonspawn Delver)            Turns: 2248, Time: 00:08:28

Health: -3/35      AC:  5    Str: 14    XL:     4   Next: 77%
Magic:  4/4        EV:  2    Int: 10    God:
Gold:   174        SH:  0    Dex: 15    Spells: 3/3 levels left

rFire   . . .        q - +2 hand axe (heavy)
rCold   . . .        j - +0 buckler
rNeg    . . .        t - +0 ring mail
rPois   +            (helmet restricted)
rElec   .            (no cloak)
rCorr   .            (no gloves)
SInv    .            (no boots)
Will    .....        (no amulet)
Stlth   ++           (no ring)
HPRegen 0.25/turn    (no ring)
MPRegen 0.09/turn

%: no passive effects
@: paralysed, brilliant
A: horns 1, demonic touch 1, poison resistance
a: no special abilities


You were on level 3 of the Dungeon.
You visited 1 branch of the dungeon, and saw 5 of its levels.

You collected 174 gold pieces.

Inventory:

Hand Weapons
 a - a +0 mace
 q - a +2 heavy hand axe (weapon)
Armour
 b - a +0 leather armour
 j - a +0 buckler (worn)
 t - a +0 ring mail (worn)
 v - a +0 tower shield
Wands
 g - a wand of digging (3) {@v3}
Scrolls
 c - a scroll of fog
 d - 2 scrolls of revelation
 e - a scroll of fear
 h - 2 scrolls of teleportation {unknown}
 i - a scroll of vulnerability {unknown}
 l - 6 scrolls of identify {unknown}
 m - a scroll of brand weapon {unknown}
 o - a scroll of blinking {unknown}
 p - a scroll of noise {unknown}
 s - a scroll of enchant weapon {unknown}
Potions
 f - a potion of haste {@q3,}
 w - a potion of mutation {!q}


   Skills:
 + Level 3.1 Fighting
 - Level 2.7 Maces & Flails
 + Level 0.3 Armour
 - Level 1.7 Dodging
 - Level 4.5 Stealth
 + Level 0.3 Shields
 * Level 3.1 Unarmed Combat


You had 3 spell levels left.
You didn't know any spells.
Your spell library contained the following spells:

 Spells                   Type           Power      Damage    Failure   Level
 Apportation              Tloc           0%         N/A       73%         1
 Freeze                   Ice            0%         1d3       73%         1
 Necrotise                Necr           0%         1d4       73%         1
 Sandblast                Erth           0%         2d4       73%         1
 Sting                    Conj/Alch      0%         1d3       73%         1
 Summon Small Mammal      Summ           0%         N/A       73%         1
 Lesser Beckoning         Tloc           0%         N/A       86%         2
 Momentum Strike          Conj/Tloc      0%         3d8       86%         2
 Frozen Ramparts          Ice            0%         1d1       97%         3
 Hailstorm                Conj/Ice       0%         3d5       97%         3
 Inner Flame              Hex/Fire       0%         N/A       97%         3
 Stone Arrow              Conj/Erth      0%         3d7       97%         3
 Summon Ice Beast         Ice/Summ       0%         N/A       97%         3
 Brom's Barrelling Bould  Conj/Erth      0%         2d3       100%        4
 Flame Wave               Conj/Fire      0%         2d4       100%        4
 Petrify                  Alch/Erth      0%         N/A       100%        4
 Sticky Flame             Fire/Alch      0%         2d4       100%        4
 Vhi's Electric Charge    Tloc/Air       0%         N/A       100%        4
 Permafrost Eruption      Ice/Erth       0%         2x4d1     100%        6
 Sculpt Simulacrum        Ice/Alch       0%         N/A       100%        6
 Malign Gateway           Summ/Tloc      0%         N/A       100%        7


Dungeon Overview and Level Annotations

Branches:
Dungeon (5/15) Zot: 25057
 Temple: D:4-7

Altars:

Shops:
D:1 :

Annotations:
D:3 Grinder


Innate Abilities, Weirdness & Mutations

You have a pair of small horns on your head.
Your touch may inflict minor irresistible damage on your foes.
Your system is resistant to poisons. (rPois)


Message History

You cannot move.
Grinder gestures at you.
You suddenly lose the ability to move!
Grinder gestures at you.
You shrug off the repeated paralysis!
You can move again.
You closely miss Grinder.
Grinder is moderately wounded.
Grinder blinks!
You block Grinder's attack.
You completely miss Grinder.
Grinder is moderately wounded.
Grinder blinks!
Grinder blinks!
Health restored: 52 You start resting.
Grinder is nearby!
Grinder is nearby!
Grinder barely misses you.
You hit Grinder but do no damage.
Grinder is moderately wounded.
Grinder hits you but does no damage. x2
You closely miss Grinder.
Grinder is moderately wounded.
Grinder hits you but does no damage. Grinder hits you!
You writhe in agony.
You take 9 damage, and have 43/52 hp.
You slash Grinder!
Grinder is heavily wounded.
Grinder gestures at you.
You suddenly lose the ability to move!
Grinder blinks!
Grinder gestures at you.
You shrug off the repeated paralysis!
You can move again.
Unknown command.
Grinder is nearby!
You cannot move.
You barely miss Grinder.
Grinder is heavily wounded.
Your transformation is almost over.
Grinder hits you but does no damage.
You hit Grinder but do no damage.
Grinder is heavily wounded.
Grinder hits you but does no damage. x2
You slash Grinder!
Grinder is severely wounded.
Grinder hits you.
You writhe in agony.
Grinder hits you.
You writhe in agony.
You take 20 damage, and have 26/52 hp.
MASSIVE DAMAGE!!
You closely miss Grinder.
Grinder is severely wounded.
Grinder gestures at you.
You suddenly lose the ability to move!
Grinder hits you but does no damage. Grinder barely misses you.
Grinder blinks!
You feel less wooden.
Your +0 ring mail unmelds from your body.
Grinder gestures at you. Pain shoots through your body!
* * * LOW HITPOINT WARNING * * *
You can move again.
You now have 9/35 hp.
Unknown command.
It was a potion of curing.
You feel better. Grinder gestures at you. You resist with significant effort.
You regained 6 hp, and now have 15/35 hp.
It was a potion of cancellation.
You feel magically purged.
It was a potion of mutation.
You feel extremely strange.
You feel resistant to poisons.
Grinder blinks!
It was a potion of brilliance.
You feel clever all of a sudden.
You see here 9 stones.
Grinder hits you!
* * * LOW HITPOINT WARNING * * *
You writhe in agony.
* * * LOW HITPOINT WARNING * * *
You take 13 damage, and have 3/35 hp.
MASSIVE DAMAGE!!
You slash Grinder!
Grinder is almost dead.
Grinder gestures at you. Pain shoots through your body!
* * * LOW HITPOINT WARNING * * *
Grinder blinks!
You barely miss Grinder.
Grinder is almost dead.
Grinder hits you but does no damage.
Grinder blinks!
You closely miss Grinder.
Grinder is almost dead.
Grinder gestures at you.
You suddenly lose the ability to move!
Grinder hits you.
* * * LOW HITPOINT WARNING * * *
You writhe in agony.
* * * LOW HITPOINT WARNING * * *
Grinder gestures at you. You resist with significant effort.
Grinder blinks!
Grinder sighs, "No one appreciates my work."
Grinder gestures at you. Pain shoots through your body!
You die...
Grinder says, "Hey, I wasn't done torturing you yet!"

█████.███ █.█
██████.......█ █.█
......>███.█.█ █.█
█.....█.█ █.███
█.█.█.█.███....
█.█...█........
█(█...█........
█.█████.....█....)...
█...@................
█...........████........
█.███████...█ █........
..<..█ █........
████5.█.......███
..........█


█████████████ █. █. You could see Grinder.

Vanquished Creatures
  7 adders (D:2)
  6 ribbon worms
  5 ball pythons
  2 bats
  7 endoplasms
  A giant cockroach (D:3)
  5 goblins
  3 hobgoblins
  4 kobolds
  2 quokkas
  3 frilled lizards (D:3)
  A rat (D:3)
46 creatures vanquished.

Notes
Turn   | Place    | Note
-------+----------+-------------------------------------------
     0 | D:5      | Goblin1989 the Demonspawn Delver began the quest for the
                  | Orb.
     0 | D:5      | Reached XP level 1. HP: 18/18 MP: 1/1
   243 | D:2      | Discovered your monstrous ancestry.
   243 | D:2      | Gained mutation: You have a pair of small horns on your
                  | head. [demonic ancestry]
   243 | D:2      | Reached XP level 2. HP: 13/24 MP: 2/2
   420 | D:1      | Got the Lectures on Transposition and the Crater
   449 | D:1      | Reached skill level 1 in Unarmed Combat
   519 | D:1      | Found Yraptam's Book Shoppe.
   994 | D:2      | Gained mutation: Your touch may inflict minor irresistible
                  | damage on your foes. [demonic ancestry]
   994 | D:2      | Reached XP level 3. HP: 13/29 MP: 3/3
  1149 | D:2      | Reached XP level 4. HP: 22/35 MP: 4/4
  2189 | D:3      | Noticed Grinder
  2191 | D:3      | Paralysed by Grinder for 2 turns
  2205 | D:3      | Paralysed by Grinder for 3 turns
  2220 | D:3      | Paralysed by Grinder for 3 turns
  2229 | D:3      | Paralysed by Grinder for 4 turns
  2235 | D:3      | Gained mutation: Your system is resistant to poisons.
                  | (rPois) [potion of mutation]
  2245 | D:3      | Paralysed by Grinder for 4 turns
  2245 | D:3      | HP: 1/35 [Grinder (3)]
  2248 | D:3      | Killed from afar by Grinder

Illustrated notes

Levels and vault maps discovered:
D:1:      spicycebolla_green_bress_n_ham, layout_basic, serial_shops,
          nicolae_shop_tiny_glass
D:2:      layout_loops_ring, minmay_heptomino_w4
D:3:      layout_basic, uniq_grinder, uniq_crazy_yiuf_cottage
D:4:      layout_loops_corners, xom_teletrap_fun, serial_aquarium,
          aquarium_bridge_square [aquarium_subvault_bridge,
          aquarium_subvault_wall, aquarium_subvault_balcony,
          aquarium_subvault_balcony], aquarium_bridge_long_separate
          [aquarium_subvault_balcony, aquarium_subvault_balcony,
          aquarium_subvault_bridge, aquarium_subvault_window,
          aquarium_subvault_bridge, aquarium_subvault_window],
          aquarium_window_3, aquarium_window_fake, aquarium_window_fake,
          aquarium_view_2c, aquarium_balcony_1b, aquarium_pool_corner,
          uniq_natasha
D:5:      layout_rooms, minmay_temple_entry_butterflies

Skill      XL: |  1  2  3  4 |
---------------+-------------+-----
Maces & Flails | 2 |  2.7
Unarmed Combat | 1 2 3 |  3.1
Fighting       | |  3.1
Armour         | |  0.3
Dodging        | |  1.7
Stealth        | |  4.5
Shields        | |  0.3

Action                     |  1- 3 |  4- 6 || total
---------------------------+-------+-------++-------
  Melee: Mace              |    31 |       ||    31
         Hand axe          |    25 |    72 ||    97
         Headbutt          |     7 |     6 ||    13
    Use: Potion            |       |     8 ||     8
   Stab: Sleeping          |     3 |     1 ||     4
 Armour: Leather armour    |    36 |       ||    36
         Ring mail         |    15 |    46 ||    61
         Skin              |       |    11 ||    11
  Dodge: Dodged            |    34 |    28 ||    62
  Block: Buckler           |    10 |    15 ||    25

Table legend: (Time is in decaauts)
 A = Elapsed time spent in this place.
 B = Non-inter-level travel time spent in this place.
 C = Inter-level travel time spent in this place.
 D = Time resting spent in this place.
 E = Time spent auto-exploring this place.
 F = Levels seen in this place.
 G = Mean time per level.
                   A        B        C        D        E       F      G
               +--------+--------+--------+--------+--------+-----+--------+
         Total |   2342 |   2262 |     80 |    152 |   1430 |   5 |  468.4 |
       Dungeon |   2342 |   2262 |     80 |    152 |   1430 |   5 |  468.4 |
               +--------+--------+--------+--------+--------+-----+--------+

Top non-repeatable levels by time:
     D:2: 1048 daAuts
     D:1: 600 daAuts
     D:3: 583 daAuts
     D:4: 81 daAuts
     D:5: 28 daAuts
